 Dungeon Crawl Stone Soup version 0.31-a0-1589-g8f5e8aebd6 (webtiles) character file.

Game seed: 14637896312201692209

3495 Hubris850 the Cudgeller (level 10, -3/86 (98) HPs)
             Began as an Oni Gladiator on Jan 5, 2024.
             Was a Priest of Kikubaaqudgha.
             Slain by a wight
             ... wielding a +0 great sword
              (14 damage)
             ... on level 7 of the Dungeon.
             The game lasted 00:22:02 (7356 turns).

Hubris850 the Cudgeller (Oni Gladiator)             Turns: 7356, Time: 00:22:03

HP:   -3/86 (98)    AC:  6    Str: 20    XL:     10   Next: 7%
MP:   19/19         EV: 12    Int:  9    God:    Kikubaaqudgha [***...]
Gold: 383           SH:  0    Dex: 14    Spells: 15/21 levels left

rFire   . . .        C - +2 whip (freeze)
rCold   + . .        (no shield)
rNeg    . . .        D - +2 robe
rPois   .            c - +0 hat
rElec   .            j - +0 cloak
rCorr   .            (gloves unavailable)
SInv    .            (boots unavailable)
Will    ++...        S - amulet of magic regeneration
Stlth   +            q - ring of protection from cold
HPRegen 0.34/turn    r - ring of willpower
MPRegen 0.56/turn

%: no passive effects
@: heavily drained
A: large, unfitting armour, horns 1, tough skin 1, double potion healing,
drunken brawling
a: Renounce Religion, Unearth Wretches


You were on level 7 of the Dungeon.
You worshipped Kikubaaqudgha.
Kikubaaqudgha was most pleased with you.
You visited 2 branches of the dungeon, and saw 8 of its levels.
You also visited: Sewer and Ossuary.

You collected 383 gold pieces.

Inventory:

Hand Weapons
 a - a +0 war axe
 f - a +0 short sword of holy wrath
 h - a +2 whip of pain
 m - a +0 dagger of venom
 v - a +0 hand axe of freezing
 C - a +2 whip of freezing (weapon)
 H - a +2 short sword of electrocution
 I - a +0 broad axe
Missiles
 d - 3 throwing nets (quivered)
 w - 2 javelins
 y - 2 atropa-tipped darts
 B - a large rock
 U - a curare-tipped dart
Armour
 b - a +0 robe
 c - a +0 hat (worn)
 j - a +0 cloak (worn)
 D - a +2 robe (worn)
 F - a +0 tower shield
Jewellery
 q - a ring of protection from cold (left hand)
 r - a ring of willpower (right hand)
 O - a ring of see invisible
 R - a ring of resist corrosion
 S - an amulet of magic regeneration (around neck)
Talismans
 i - a beast talisman
Wands
 t - a wand of flame (19)
 E - a wand of polymorph (7)
Scrolls
 e - 2 scrolls of immolation {unknown}
 g - 3 scrolls of enchant armour {unknown}
 k - 6 scrolls of identify {unknown}
 n - a scroll of teleportation {unknown}
 o - a scroll of brand weapon {unknown}
 u - 4 scrolls of enchant weapon {unknown}
 x - 2 scrolls of silence {unknown}
 J - 3 scrolls of fear {unknown}
 L - 2 scrolls of fog {unknown}
 M - a scroll of noise {unknown}
 V - a scroll of poison {unknown}
Potions
 l - a potion of haste
 p - a potion of magic
 s - 2 potions of ambrosia {unknown}
 z - a potion of berserk rage {unknown}
 A - a potion of curing {unknown}
 G - a potion of enlightenment {unknown}
 K - 2 potions of might {unknown}
 N - 2 potions of lignification {unknown}
 P - 2 potions of mutation {unknown}
 Q - a potion of invisibility {unknown}
 T - a potion of degeneration {unknown}


   Skills:
 - Level 6.0 Fighting
 - Level 3.1(5.2) Axes
 + Level 6.4(6.8) Maces & Flails
 - Level 6.0 Throwing
 - Level 6.0 Dodging
 + Level 6.3 Spellcasting
 + Level 5.2 Necromancy


You had 15 spell levels left.
You knew the following spells:

 Your Spells              Type           Power      Damage    Failure   Level
a - Fugue of the Fallen   Necr           12%        N/A       8%          3
b - Vampiric Draining     Necr           12%        2d6       8%          3

Your spell library contained the following spells:

 Spells                   Type           Power      Damage    Failure   Level
 Necrotise                Necr           48%        1d6       2%          1
 Kiss of Death            Conj/Necr      28%        2d7       8%          1
 Freeze                   Ice            8%         1d3       22%         1
 Magic Dart               Conj           8%         1d3       22%         1
 Blink                    Tloc           4%         N/A       32%         2
 Call Imp                 Summ           4%         N/A       32%         2
 Lesser Beckoning         Tloc           4%         N/A       32%         2
 Scorch                   Fire           4%         2d5       32%         2
 Frozen Ramparts          Ice            4%         1d1       54%         3
 Gell's Gravitas          Tloc           2%         N/A       54%         3
 Hailstorm                Conj/Ice       2%         3d5       54%         3
 Ozocubu's Armour         Ice            2%         N/A       54%         3
 Teleport Other           Tloc           2%         N/A       54%         3
 Curse of Agony           Necr           12%        N/A       56%         5
 Anguish                  Hex/Necr       3%         N/A       58%         4
 Martyr's Knell           Necr/Summ      7%         N/A       58%         4
 Flame Wave               Conj/Fire      2%         2d4       91%         4
 Manifold Assault         Tloc           2%         N/A       91%         4
 Death Channel            Necr           6%         N/A       98%         6
 Summon Cactus Giant      Summ           1%         N/A       100%        6


Dungeon Overview and Level Annotations

Branches:
Dungeon (7/15)             Temple (1/1) D:5           Sewer (visited)
Ossuary (visited)

Altars:
Ashenzari
Cheibriados
Dithmenos
Elyvilon
Gozag
Hepliaklqana
Kikubaaqudgha
Makhleb
Nemelex Xobeh
Okawaru
Qazlal
Sif Muna
Trog
Vehumet
Xom
Zin
The Shining One


Innate Abilities, Weirdness & Mutations

You are too large for most types of armour.
You have a pair of small horns on your head.
You have tough skin. (AC +1)
You gain doubled healing and magic from potions.
Whenever you drink a healing potion, you attack all around you.


Message History

The water moccasin is no longer moving slowly.
The wight hits you from afar with a +3 halberd!
You feel drained. The wight hits you with a +5 flail.
You feel drained. The wight barely misses you. The water moccasin bites you.
You hit the water moccasin. You freeze the water moccasin.
The water moccasin is heavily wounded.
The wight closely misses you.
The wight hits you from afar with a +3 halberd!
The wight completely misses you.
The wight hits you with a +0 short sword.
You feel drained. The water moccasin closely misses you.
You hit the water moccasin. You freeze the water moccasin.
The water moccasin is severely wounded.
The water moccasin bites you. The wight barely misses you.
The wight closely misses you. The wight hits you but does no damage.
The wight hits you with a +5 flail!
* * * LOW HITPOINT WARNING * * *
You hit the water moccasin.
The water moccasin seems to slow down.
You freeze the water moccasin. You headbutt the water moccasin.
You kill the water moccasin!
Kikubaaqudgha accepts your kill.
The wight hits you with a +0 great sword!
* * * LOW HITPOINT WARNING * * *
You feel drained.
* * * LOW HITPOINT WARNING * * *
The wight closely misses you. The wight attacks as it pursues you!
The wight completely misses you. The wight attacks as it pursues you!
The wight hits you with a +5 flail.
* * * LOW HITPOINT WARNING * * *
You feel drained.
There is a stone staircase leading up, spattered with blood here.
You see here a water moccasin corpse.
The wight hits you with a +0 short sword.
* * * LOW HITPOINT WARNING * * *
You feel drained.
* * * LOW HITPOINT WARNING * * *
The wight closely misses you.
The wight hits you with a +0 great sword!
You die...
Kikubaaqudgha rasps: "You have failed me!
Welcome... death!"

#.# ###.#
#.###...##
#........#
..######.## ##..###
##.....# .
##))###(.....S. ...
##z@## ...#...##
.....#.zz#
...#...##
........##...##zK.#
.......z.....# .K##
#...........## z#
#........#..# .#
#..###..###... #.#
#.## #..# .# .# ..#


You could see 4 wights.

Vanquished Creatures
  Pikel (D:5)
  Sigmund (D:6)
  Menkaure (D:4)
  A water moccasin (D:7)
  An orc warrior (D:6)
  An ice beast (D:6)
  2 ogres
  3 phantoms (D:5)
  A kobold brigand (D:6)
  2 bullfrogs (Sewer)
  3 elf skeletons (D:6)
  2 scorpions
  A wight (D:7)
  A howler monkey (D:4)
  2 bombardier beetles (D:5)
  7 bullfrog zombies (Ossuary)
  2 hounds
  A gnoll bouda (D:6)
  3 iguanas
  Natasha (thrice) (D:2)
  A sleepcap (D:4)
  2 human skeletons (D:6)
  7 orc wizards (D:6)
  A killer bee zombie (Ossuary)
  A crocodile zombie (Ossuary)
  3 hound zombies (Ossuary)
  5 mummies (Ossuary)
  7 howler monkey zombies (Ossuary)
  9 gnolls
  16 adders
  A white imp (D:6)
  2 ufetubi (D:5)
  3 ribbon worms
  13 dart slugs
  10 orcs
  6 endoplasms
  11 giant cockroaches
  6 goblins
  11 hobgoblins
  7 quokkas
  10 ball pythons
  4 ball python zombies (Ossuary)
  9 bats
  5 frilled lizards
  16 kobolds
  An orc skeleton (D:6)
  9 rats
215 creatures vanquished.

Notes
Turn   | Place    | Note
-------+----------+-------------------------------------------
     0 | D:1      | Hubris850 the Oni Gladiator began the quest for the Orb.
     0 | D:1      | Reached XP level 1. HP: 22/22 MP: 1/1
    78 | D:1      | Reached XP level 2. HP: 28/29 MP: 2/2
   363 | D:1      | Reached XP level 3. HP: 35/37 MP: 3/3
   395 | D:1      | Reached skill level 1 in Maces & Flails
   898 | D:2      | Reached XP level 4. HP: 6/45 MP: 4/4
  1152 | D:2      | Noticed Natasha
  1168 | D:2      | Killed Natasha
  1377 | D:2      | Reached XP level 5. HP: 46/54 MP: 5/5
  1726 | D:2      | Noticed Natasha
  1744 | D:2      | Killed Natasha
  1984 | D:2      | Noticed Natasha
  1993 | D:2      | Killed Natasha
  2099 | D:2      | Learned a level 3 spell: Fugue of the Fallen
  2453 | D:3      | Reached XP level 6. HP: 39/63 MP: 6/6
  2731 | D:3      | Identified the +3 chain mail of the Bedazzling Gods {-Tele
                  | Str+5 Int+4}
  2942 | D:3      | Reached skill level 1 in Spellcasting
  3475 | D:4      | Reached skill level 5 in Fighting
  3532 | D:4      | Reached skill level 1 in Necromancy
  3618 | D:4      | Reached XP level 7. HP: 60/72 MP: 9/9
  3759 | D:4      | Noticed Menkaure
  3765 | D:4      | Killed Menkaure
  4007 | D:5      | Entered Level 5 of the Dungeon
  4226 | D:5      | Reached XP level 8. HP: 34/83 MP: 2/11
  4773 | D:5      | Found a sparkling altar of Nemelex Xobeh.
  4803 | D:5      | Found a glowing silver altar of Zin.
  4850 | D:5      | Noticed Pikel
  4870 | D:5      | HP: 4/83 [Pikel/+2 whip of freezing (9)]
  4890 | D:5      | Killed Pikel
  4891 | D:5      | Reached skill level 5 in Throwing
  4891 | D:5      | Reached skill level 5 in Dodging
  5051 | D:5      | Found a staircase to the Ecumenical Temple.
  5090 | Temple   | Entered the Ecumenical Temple
  5099 | Temple   | Became a worshipper of Kikubaaqudgha
  5422 | D:6      | Identified the +4 ring mail of the Dice {Harm Regen+}
  5436 | D:6      | Reached XP level 9. HP: 61/89 MP: 12/15
  5465 | D:6      | Noticed Sigmund
  5517 | D:6      | Found a glowing drain.
  5533 | D:6      | Killed Sigmund
  5566 | Sewer    | Entered a sewer
  5793 | Sewer    | Reached * piety under Kikubaaqudgha
  5793 | Sewer    | Received a gift from Kikubaaqudgha
  5794 | Sewer    | Reached skill level 5 in Maces & Flails
  6039 | D:6      | Found a sand-covered staircase.
  6045 | Ossuary  | Entered an ossuary
  6088 | Ossuary  | Reached skill level 5 in Spellcasting
  6089 | Ossuary  | Reached ** piety under Kikubaaqudgha
  6838 | D:6      | HP: 4/89 [orc warrior/+0 scimitar (15)]
  6842 | D:6      | Reached *** piety under Kikubaaqudgha
  6842 | D:6      | Received a gift from Kikubaaqudgha
  6849 | D:6      | Reached skill level 5 in Necromancy
  6849 | D:6      | Reached XP level 10. HP: 62/98 MP: 17/19
  6986 | D:6      | Found a white marble altar of Elyvilon.
  7305 | D:7      | Learned a level 3 spell: Vampiric Draining
  7356 | D:7      | Slain by a wight

Illustrated notes

Levels and vault maps discovered:
D:1:      tarquinn_simple_flora_water_c, layout_basic, serial_forest,
          infiniplex_forest_corner_2, infiniplex_forest_clump_long,
          infiniplex_forest_clump_curved, infiniplex_forest_lined_2,
          infiniplex_forest_clump_medium, infiniplex_forest_end_3,
          infiniplex_forest_lined_2, minmay_ruptured
D:2:      minmay_recursive_quarters, layout_loops_ring, serial_bayou,
          serial_bayou_lagoon_b, serial_bayou_lagoon_a, serial_bayou_ford_a,
          serial_bayou_pond_e, uniq_natasha
D:3:      layout_rooms, nicolae_half_adder
D:4:      layout_gridville, serial_co_window_serial, co_window_of_opportunity_a,
          co_window_of_opportunity_a, co_window_paths_a, co_window_paths_a,
          co_window_paths_a, co_window_paths_a, co_window_corner_a,
          co_window_corner_cb, co_window_2corner, co_window_broadway_a,
          co_window_2corner, co_window_paths_c, co_window_paths_c,
          co_window_corner_b, glass_columns_c, glass_columns_b, glass_columns_b,
          uniq_menkaure
D:5:      nicolae_cairo_tiling_large_dashed, layout_loops_ring, zin_treasury,
          mainiacjoe_overflow_concentric_impassable, minmay_temple_entry_trees,
          uniq_pikel
D:6:      layout_rooms, old_standard_altar, nicolae_ossuary_entry_catacombs,
          cheibrodos_sewer_entry_sluice, serial_library_hellmonk_hallway_b,
          chequers_avenue, minmay_a_box_with_orc_wizards_in_it, uniq_sigmund
D:7:      layout_layer_cave, grunt_temple_overflow_open, serial_shops, shop
Temple:   eino_temple_lava

Skill      XL: |  1  2  3  4  5  6  7  8  9 |
---------------+----------------------------+-----
Fighting       | 3 4 5 6 |  6.0
Dodging        | 3 4 5 6 |  6.0
Maces & Flails | 1 2 3 4 6 |  6.4
Throwing       | 3 4 5 6 |  6.0
Spellcasting   | 1 2 4 6 |  6.3
Necromancy     | 1 2 3 5 |  5.2
Axes           | |  3.1

Action                     |  1- 3 |  4- 6 |  7- 9 | 10-12 || total
---------------------------+-------+-------+-------+-------++-------
  Melee: War axe           |    17 |       |       |       ||    17
         Whip              |    66 |   227 |   540 |    35 ||   868
         Headbutt          |    10 |    40 |   129 |     9 ||   188
         Punch             |     1 |     2 |     9 |     1 ||    13
         Short sword       |       |       |    16 |       ||    16
  Throw: Dart              |       |       |     2 |       ||     2
         Large rock        |       |       |     1 |       ||     1
   Cast: Fugue of the Fall |       |       |     3 |       ||     3
  Evoke: Wand              |       |       |     6 |       ||     6
    Use: Potion            |     1 |       |     5 |       ||     6
   Stab: Sleeping          |     1 |     2 |       |       ||     3
         Distracted        |       |     1 |       |       ||     1
 Armour: Robe              |    60 |   129 |   297 |    33 ||   519
  Dodge: Dodged            |    53 |   116 |   282 |    28 ||   479

Table legend: (Time is in decaauts)
 A = Elapsed time spent in this place.
 B = Non-inter-level travel time spent in this place.
 C = Inter-level travel time spent in this place.
 D = Time resting spent in this place.
 E = Time spent auto-exploring this place.
 F = Levels seen in this place.
 G = Mean time per level.
                   A        B        C        D        E       F      G
               +--------+--------+--------+--------+--------+-----+--------+
         Total |   7231 |   7040 |    191 |    755 |   4395 |  10 |  723.1 |
       Dungeon |   6578 |   6387 |    191 |    654 |   4395 |   7 |  939.7 |
        Temple |     18 |     18 |      0 |      0 |      0 |   1 |   18.0 |
         Sewer |    331 |    331 |      0 |    101 |      0 |   1 |  331.0 |
       Ossuary |    302 |    302 |      0 |      0 |      0 |   1 |  302.0 |
               +--------+--------+--------+--------+--------+-----+--------+

Top non-repeatable levels by time:
     D:2: 1475 daAuts
     D:5: 1372 daAuts
     D:6: 1156 daAuts
     D:4: 891 daAuts
     D:1: 883 daAuts
     D:3: 750 daAuts
   Sewer: 331 daAuts
 Ossuary: 302 daAuts
     D:7: 49 daAuts
  Temple: 18 daAuts
